Map: Tours du crépuscule

Players

LÉopOLDineFr - Winner!

  • Race: Terran Terran
  • League: Diamond

Pérsephônís

  • Race: Protoss Protoss
  • League: Platinum

VOD

Have the link to the VOD?

Description

iEchoic 2010 style

Time

  • Played on: Dec. 21, 2015, 5:35 p.m.
  • Length: 9:10
Show
View Real Time Build Order
Export as new Build Order

LÉopOLDineFr Terran - Winner!

Build Orders:  

Get SALT Encoding   

  12  0:01  SCV  
  13  0:13  SCV  
  14  0:18  Supply Depot  
  14  0:25  SCV  
  15  0:39  SCV  
  15  0:40  Barracks  
  16  0:45  Refinery  
  16  0:51  SCV  
  17  1:03  SCV  
  18  1:15  SCV  
  19  1:27  Orbital Command  
  19  1:30  Barracks Reactor  
  19  1:44  Command Center  
  19  1:57  SCV  
  20  2:03  Supply Depot  
  20  2:10  Marine  
  20  2:12  Factory  
  20  2:13  Marine  
  22  2:21  SCV  
  23  2:26  Bunker  
  23  2:31  Marine x2  
  23  2:33  SCV  
  26  2:46  SCV  
  26  2:57  Starport  
  26  2:59  SCV  
  26  3:00  Orbital Command  
  26  3:03  Hellion  
  29  3:07  Hellion  
  29  3:11  SCV  
  32  3:25  Supply Depot  
  32  3:27  Refinery  
  32  3:30  SCV x2, Refinery  
  31  3:34  Medivac  
  34  3:39  Hellion  
  38  3:45  Hellion  
  38  3:46  SCV  
  38  3:47  SCV  
  42  3:58  SCV  
  42  3:59  SCV  
  44  4:05  Starport Tech Lab  
  44  4:06  Starport  
  44  4:17  Widow Mine, Marine x2  
  44  4:22  SCV x2  
  50  4:29  Banshee  
  53  4:33  Cloaking Field  
  53  4:34  SCV  
  54  4:40  Supply Depot, SCV  
  54  4:42  Marine x2  
  57  4:45  Starport Tech Lab  
  57  4:46  SCV  
  57  4:52  SCV  
  59  4:55  Supply Depot  
  59  4:58  SCV  
  60  5:05  SCV  
  61  5:10  SCV  
  62  5:27  Banshee, Hellion  
  67  5:29  Raven  
  67  5:31  Marine x2  
  71  5:37  Engineering Bay  
  71  5:38  Supply Depot  
  71  5:41  Supply Depot  
  71  5:48  Factory Reactor  
  71  5:53  Barracks, Marine x2  
  71  5:56  Barracks  
  73  6:03  SCV  
  74  6:09  Missile Turret  
  74  6:10  Banshee  
  77  6:12  Viking  
  77  6:14  Marine x2  
  77  6:16  Supply Depot  
  81  6:32  Marine x2  
  83  6:33  Supply Depot  
  83  6:34  Missile Turret  
  83  6:38  Supply Depot  
  84  6:40  SCV x2  
  85  6:49  Marine  
  85  6:52  Banshee  
  89  6:55  Widow Mine  
  89  6:59  Marauder  
  89  7:01  Stimpack, Marine x3  
  96  7:19  Marine x3  
  96  7:20  Marine  
  96  7:22  Viking  
  102  7:24  Widow Mine  
  102  7:25  SCV x2  
  106  7:31  Supply Depot  
  106  7:35  Banshee  
  109  7:37  SCV x2, Marauder, Marine  
  109  7:38  Marine  
  109  7:39  Marine  
  116  7:45  Marine  
  117  7:52  Supply Depot, Viking  
  117  7:55  Marine x2  
  117  7:57  Marine  
  107  8:22  Medivac  
  93  8:40  Marine x5  
Show
View Real Time Build Order
Export as new Build Order

Pérsephônís Protoss 

Build Orders: 1 Gate Expand 

Get SALT Encoding   

  12  0:01  Probe (Chrono Boost)  
  13  0:12  Probe (Chrono Boost)  
  14  0:22  Probe (Chrono Boost)  
  14  0:26  Pylon  
  15  0:44  Probe (Chrono Boost), Gateway  
  16  0:54  Probe (Chrono Boost)  
  16  0:56  Assimilator  
  17  1:05  Probe (Chrono Boost)  
  18  1:20  Nexus  
  18  1:21  Probe (Chrono Boost)  
  19  1:35  Cybernetics Core  
  19  1:36  Probe (Chrono Boost)  
  20  1:43  Pylon  
  20  1:47  Probe (Chrono Boost)  
  20  1:51  Assimilator  
  21  1:58  Probe (Chrono Boost)  
  22  2:05  Warp Gate (Chrono Boost)  
  22  2:08  Gateway, Probe (Chrono Boost)  
  23  2:14  Adept  
  25  2:22  Pylon  
  25  2:32  Probe x2 (Chrono Boost), Pylon  
  29  2:44  Mothership Core (Chrono Boost)  
  29  2:47  Stalker  
  29  2:50  Probe (Chrono Boost)  
  32  3:01  Probe (Chrono Boost)  
  34  3:06  Probe (Chrono Boost), Robotics Facility  
  34  3:14  Stalker  
  34  3:19  Probe x2 (Chrono Boost)  
  38  3:30  Probe (Chrono Boost), Assimilator  
  38  3:31  Probe (Chrono Boost)  
  40  3:37  Stalker  
  40  3:40  Probe (Chrono Boost)  
  43  3:43  Probe (Chrono Boost)  
  44  3:49  Probe  
  44  3:54  Probe, Observer  
  47  4:00  Probe  
  48  4:06  Probe  
  48  4:07  Forge  
  49  4:10  Probe  
  50  4:18  Probe  
  50  4:19  Assimilator  
  50  4:21  Probe, Pylon  
  52  4:25  Pylon  
  52  4:26  Stalker  
  52  4:30  Probe  
  55  4:31  Immortal, Probe  
  55  4:37  Pylon  
  60  4:42  Probe, Pylon  
  61  4:46  Photon Cannon  
  61  4:48  Stalker  
  61  4:52  Stalker  
  65  4:57  Protoss Ground Weapons Level 1 (Chrono Boost)  
  65  5:06  Probe  
  65  5:07  Gateway, Probe  
  65  5:10  Gateway  
  67  5:16  Stalker x2  
  71  5:32  Probe  
  71  5:33  Probe  
  71  5:34  Pylon  
  71  5:35  Immortal  
  77  5:36  Pylon  
  77  5:44  Photon Cannon  
  77  5:54  Photon Cannon  
  77  6:11  Nexus  
  77  6:14  Pylon  
  77  6:17  Pylon  
  77  6:19  Photon Cannon  
  77  6:25  Photon Cannon, Assimilator  
  77  6:32  Immortal  
  80  6:39  Protoss Ground Armor Level 1 (Chrono Boost)  
  80  6:42  Robotics Bay  
  80  6:48  Probe  
  80  6:49  Probe  
  82  7:01  Zealot x4  
  86  7:02  Assimilator  
  90  7:17  Photon Cannon  
  90  7:20  Gateway, Observer  
  90  7:21  Gateway  
  91  7:23  Gateway  
  91  7:26  Probe x2  
  91  7:28  Probe, Pylon  
  94  7:37  Probe x2  
  94  7:40  Probe  
  94  7:44  Stalker x3  
  99  7:45  Stalker  
  99  7:48  Probe x2  
  107  7:52  Probe  
  89  8:16  Adept  
  89  8:17  Adept x3  
  83  8:28  Adept x3  
  81  8:37  Observer  
  74  8:42  Stalker x2  
  74  8:43  Stalker x2  
  74  8:53  Stalker x2  
  74  8:54  Stalker x4  
Tags
 
Add a new tag
Caveats
  • Supply blocks, unpowered buildings, or Contaminate may cause inaccurate times.
  • Supply counts are checked every 10 seconds.